 Dungeon Crawl Stone Soup version 0.30-a0-924-g0ad0bf95bc (webtiles) character file.

Game seed: 7186627903566778417

1341 jlumianski the Chopper (level 8, -4/61 HPs)
             Began as a Demonspawn Fighter on Mar 22, 2023.
             Was an Initiate of Qazlal.
             Killed from afar by a steam dragon (18 damage)
             ... with a ball of steam
             ... on level 7 of the Dungeon.
             The game lasted 00:16:30 (5578 turns).

jlumianski the Chopper (Demonspawn Fighter)         Turns: 5578, Time: 00:16:34

Health: -4/61      AC: 12    Str: 19    XL:     8   Next: 35%
Magic:  9/9        EV: 11    Int: 10    God:    Qazlal [......]
Gold:   309        SH:  9    Dex: 12    Spells: 7/7 levels left

rFire   . . .      SeeInvis .    a - +0 war axe
rCold   . . .      Faith    .    q - +0 kite shield
rNeg    . . .      Spirit   .    l - +0 chain mail
rPois   .          Reflect  .    (helmet restricted)
rElec   .          Rampage  .    n - scarf {repulsion}
rCorr   .                        (no gloves)
Will    .....                    P - +1 pair of boots Stlth
                                 (no amulet)
HPRegen 0.30/turn                x - +5 ring of evasion
MPRegen 0.11/turn                F - +4 ring of slaying

@: repel missiles
A: horns 2, demonic guardian 1
a: Renounce Religion


You were on level 7 of the Dungeon.
You worshipped Qazlal.
Qazlal was noncommittal.
You visited 2 branches of the dungeon, and saw 9 of its levels.

You collected 414 gold pieces.
You spent 105 gold pieces at shops.

Inventory:

Hand Weapons
 a - a +0 war axe (weapon)
 d - a +0 whip of venom
 L - a +2 flail of draining
Missiles
 e - 61 stones
 H - 4 javelins (quivered)
Armour
 b - a +0 scale mail
 c - a +0 buckler
 k - a scarf of harm
 l - a +0 chain mail (worn)
 n - a scarf of repulsion (worn)
 q - a +0 kite shield (worn)
 P - a +1 pair of boots (worn)
Jewellery
 x - a +5 ring of evasion (left hand)
 y - a +5 ring of evasion
 A - a ring of see invisible
 E - a +5 ring of evasion
 F - a +4 ring of slaying (right hand)
Wands
 j - a wand of polymorph (7)
 I - a wand of roots (1)
 J - a wand of charming (13)
Scrolls
 h - 3 scrolls of noise
 i - a scroll of amnesia
 o - a scroll of butterflies
 r - a scroll of blinking
 v - a scroll of acquirement {unknown}
 w - a scroll of enchant armour {unknown}
 B - 3 scrolls of teleportation {unknown}
 C - a scroll of magic mapping
 D - a scroll of poison {unknown}
 K - a scroll of vulnerability {unknown}
 M - a scroll of torment {unknown}
 N - a scroll of enchant weapon
Potions
 f - a potion of lignification
 g - a potion of heal wounds
 m - 2 potions of curing
 p - a potion of ambrosia
 s - a potion of degeneration
 t - a potion of haste {unknown}
 u - a potion of mutation {unknown}
 z - 3 potions of flight
 G - a potion of magic {unknown}
 O - a potion of resistance {unknown}


   Skills:
 * Level 4.8 Fighting
 + Level 6.4 Axes
 + Level 0.1 Throwing
 + Level 4.9 Armour
 + Level 1.5 Dodging
 - Level 0.8 Stealth
 + Level 4.4 Shields
 * Level 1.6 Invocations


You had 7 spell levels left.
You didn't know any spells.
Your spell library contained the following spells:

 Spells                   Type           Power      Damage    Failure   Level
 Apportation              Tloc           0%         N/A       100%        1
 Necrotise                Necr           0%         1d4       100%        1
 Summon Small Mammal      Summ           0%         N/A       100%        1


Dungeon Overview and Level Annotations

Branches:
Dungeon (8/15)             Temple (1/1) D:4
   Lair: D:8-11

Altars:
Ashenzari
Cheibriados
Dithmenos
Fedhas
Gozag
Kikubaaqudgha
Makhleb
Nemelex Xobeh
Okawaru
Qazlal
Ru
Sif Muna
Trog
Uskayaw
Vehumet
Wu Jian
Xom
Yredelemnul

Shops:
D:5 *

Annotations:
D:4 2 transporters, tgirl's ghost, novice OpMo


Innate Abilities, Weirdness & Mutations

You have a pair of horns on your head.
A weak demonic guardian rushes to your aid.


Message History

You barely miss the orc. You block the orc's attack. x2
You slash the orc!
You kill the orc!
Qazlal accepts your kill.
No target in view!
You see here a +0 short sword.
Found a ring mail.
A steam dragon comes into view.
The steam dragon hisses angrily.
The steam dragon breathes steam at you. The ball of steam hits you!
The steam dragon breathes steam at you. The ball of steam hits you!
The steam dragon breathes steam at you. The ball of steam hits you!
* * * LOW HITPOINT WARNING * * *
A demonic guardian appears!
Your ufetubus hits the steam dragon but does no damage.
Your ufetubus closely misses the steam dragon.
You block the steam dragon's attack. x2
You slash the steam dragon!
The steam dragon is moderately wounded.
Your ufetubus barely misses the steam dragon. x2
The steam dragon bites you but does no damage.
The steam dragon claws you but does no damage.
Your ufetubus closely misses the steam dragon.
Your ufetubus hits the steam dragon. You slash the steam dragon!
Your headbutt misses the steam dragon.
The steam dragon is severely wounded.
Your ufetubus hits the steam dragon but does no damage.
Your ufetubus barely misses the steam dragon.
The steam dragon bites you.
* * * LOW HITPOINT WARNING * * *
The steam dragon claws you.
* * * LOW HITPOINT WARNING * * *
Your ufetubus hits the steam dragon.
Your ufetubus barely misses the steam dragon.
The steam dragon breathes steam at you. The ball of steam hits you!!
You die...

......######................#
.....)....##................#####
..........##..........#..........
.................#....#.#.#######
.##...................#.#........
......................#.#....####
....###......................##
................5D...........<#
#..###.....§.§..@............####
.. #####§§....######.......#...
... ##§§§..# ###......#.## .[#.
##.§..# ##............ #.#...
.#...## .....#.####.#. # . .#
.##..... ..........#.#. # #
©.$...# ..........#...
##......#.......<..#...
#.#.#.#+......########


You could see a steam dragon (catching breath, ally target) and a friendly
ufetubus (summoned).

Vanquished Creatures
  Sigmund (D:3)
  Eustachio (D:4)
  An ice beast (D:5)
  A black bear (D:5)
  An ogre (D:6)
  A centaur (D:6)
  2 phantoms
  A scorpion (D:4)
  A hound (D:5)
  An orc priest (D:5)
  5 iguanas (D:5)
  Robin (D:3)
  4 gnolls
  13 adders
  A shadow imp (D:5)
  A white imp (D:6)
  An ufetubus (D:5)
  2 worms
  4 dart slugs
  9 orcs
  8 endoplasms
  2 giant cockroaches (D:2)
  15 goblins
  4 hobgoblins
  8 jackals
  3 quokkas
  6 ball pythons
  A bat (D:3)
  4 frilled lizards
  7 kobolds
  5 rats
  A bush (D:5)
116 creatures vanquished.

Vanquished Creatures (collateral kills)
  4 hobgoblins
  A goblin (D:3)
5 creatures vanquished.

Vanquished Creatures (others)
  2 plants (D:5)
2 creatures vanquished.

Grand Total: 123 creatures vanquished

Notes
Turn   | Place    | Note
-------+----------+-------------------------------------------
     0 | D:1      | jlumianski the Demonspawn Fighter began the quest for the
                  | Orb.
     0 | D:1      | Reached XP level 1. HP: 18/18 MP: 1/1
   168 | D:1      | Found a faded altar of an unknown god.
   285 | D:1      | Gained mutation: A weak demonic guardian rushes to your
                  | aid. [demonic ancestry]
   285 | D:1      | Reached XP level 2. HP: 24/24 MP: 2/2
   343 | D:1      | Reached skill level 2 in Axes
  1029 | D:2      | Reached XP level 3. HP: 16/29 MP: 3/3
  1455 | D:2      | Found an iron altar of Okawaru.
  1577 | D:3      | Noticed Sigmund
  1588 | D:3      | Killed Sigmund
  1589 | D:3      | Reached skill level 3 in Axes
  1589 | D:3      | Reached skill level 1 in Dodging
  1589 | D:3      | Reached XP level 4. HP: 25/37 MP: 4/4
  1589 | D:3      | Gained mutation: You have a pair of small horns on your
                  | head. [demonic ancestry]
  1589 | D:3      | Reached XP level 5. HP: 29/42 MP: 5/5
  2023 | D:3      | Noticed Robin
  2080 | D:3      | Killed Robin
  2081 | D:3      | Reached XP level 6. HP: 48/48 MP: 6/6
  2680 | D:5      | Entered Level 5 of the Dungeon
  2756 | D:4      | Reached skill level 4 in Axes
  2760 | D:4      | Found a staircase to the Ecumenical Temple.
  2772 | Temple   | Entered the Ecumenical Temple
  2772 | Temple   | Found a transporter.
  2772 | Temple   | Found a transporter.
  2774 | Temple   | Found a transporter.
  2774 | Temple   | Found a transporter.
  2816 | D:4      | Noticed Eustachio
  2836 | D:4      | Killed Eustachio
  2837 | D:4      | Reached XP level 7. HP: 54/54 MP: 7/7
  3226 | D:4      | Found a transporter.
  3230 | D:4      | Noticed tgirl's ghost (novice OpMo)
  3231 | D:4      | Found a transporter.
  3787 | D:6      | Reached skill level 5 in Axes
  4300 | D:5      | Gained mutation: You have a pair of horns on your head.
                  | [demonic ancestry]
  4300 | D:5      | Reached XP level 8. HP: 48/61 MP: 8/8
  4422 | D:5      | Reached skill level 6 in Axes
  4550 | D:5      | Found a stormy altar of Qazlal.
  4565 | D:5      | Found a blossoming altar of Fedhas.
  4582 | D:5      | Became a worshipper of Qazlal Stormbringer
  4598 | D:5      | Reached skill level 1 in Invocations
  4975 | D:5      | Found Emyjasun's General Store.
  4983 | D:5      | Bought a scroll of enchant weapon for 105 gold pieces
  5030 | D:5      | Noticed a troll
  5578 | D:7      | Killed from afar by a steam dragon

Illustrated notes

Levels and vault maps discovered:
D:1:      dpeg_arrival_simpleton_a, layout_loops_ring,
          shapermc_ecumenical_altar_totnotflames
D:2:      layout_basic, basic_altar
D:3:      layout_basic, kennysheep_doodads, minmay_cut_off, uniq_sigmund,
          uniq_robin
D:4:      layout_basic, minmay_temple_entry_waves, gammafunk_ghost_mausoleum,
          nicolae_half_adder, uniq_eustachio
D:5:      cheibrodos_barr_body, layout_basic,
          gammafunk_temple_overflow_forgotten, serial_shops,
          nicolae_lakefront_shop, serial_bayou_pond_e
D:6:      layout_basic
D:7:      layout_basic, gammafunk_ghost_berserking_beasts,
          minmay_misc_feat_secret_circle, dreamdust_princess_corridor,
          chequers_serial_rivers_micro_a, grunt_ministairs_14
D:8:      layout_loops_corners, minmay_misc_feat_columns
Temple:   hellmonk_temple_divided_pantheon

Skill      XL: |  1  2  3  4  5  6  7  8 |
---------------+-------------------------+-----
Axes           | 2 3 4 5 6 |  6.4
Armour         | 3 4 |  4.9
Shields        | 3 4 |  4.4
Dodging        | 1 |  1.5
Fighting       | 4 |  4.8
Invocations    | 1 |  1.6
Throwing       | |  0.1
Stealth        | |  0.8

Action                     |  1- 3 |  4- 6 |  7- 9 || total
---------------------------+-------+-------+-------++-------
  Melee: War axe           |    92 |   113 |   126 ||   331
         Headbutt          |       |    19 |    31 ||    50
  Throw: Stone             |       |     4 |       ||     4
    Use: Potion            |     1 |     4 |     1 ||     6
         Scroll            |       |     7 |     1 ||     8
 Armour: Scale mail        |    43 |     6 |       ||    49
         Chain mail        |       |    39 |    31 ||    70
  Dodge: Dodged            |    31 |    49 |    65 ||   145
         Repelled          |       |       |     1 ||     1
  Block: Buckler           |    10 |       |       ||    10
         Kite shield       |    14 |    46 |    69 ||   129

Table legend: (Time is in decaauts)
 A = Elapsed time spent in this place.
 B = Non-inter-level travel time spent in this place.
 C = Inter-level travel time spent in this place.
 D = Time resting spent in this place.
 E = Time spent auto-exploring this place.
 F = Levels seen in this place.
 G = Mean time per level.
                   A        B        C        D        E       F      G
               +--------+--------+--------+--------+--------+-----+--------+
         Total |   5736 |   5544 |    192 |      0 |   4087 |   9 |  637.3 |
       Dungeon |   5697 |   5505 |    192 |      0 |   4087 |   8 |  712.1 |
        Temple |     39 |     39 |      0 |      0 |      0 |   1 |   39.0 |
               +--------+--------+--------+--------+--------+-----+--------+

Top non-repeatable levels by time:
     D:4: 1064 daAuts
     D:2: 994 daAuts
     D:6: 906 daAuts
     D:3: 891 daAuts
     D:5: 890 daAuts
     D:1: 815 daAuts
     D:7: 102 daAuts
  Temple: 39 daAuts
     D:8: 31 daAuts
